 Dungeon Crawl Stone Soup version 0.14-a0-1663-g0b35444 (webtiles) character file.

339 Nicoed the Covered (level 6, -2/47 HPs)
             Began as a Human Fighter on Dec 29, 2013.
             Was an Initiate of Nemelex Xobeh.
             Killed by nerve-wracking pain
             ... invoked by an orc priest
              (6 damage)
             ... on Level 3 of the Dungeon.
             The game lasted 00:10:12 (4198 turns).

Nicoed the Covered (Human Fighter)                  Turns: 4198, Time: 00:10:16

HP  -2/47        AC  9     Str 18      XL: 6   Next: 10%
MP   6/6         EV  6     Int  8      God: Nemelex Xobeh [......]
Gold 133         SH 19     Dex 13      Spells:  0 memorised,  5 levels left

rFire  . . .     SeeInvis .     a - +0 falchion
rCold  . . .     Clarity  .     b - +0 scale mail
rNeg   + . .     Conserve .     c - +0 shield
rPois  .         rCorr    .     m - +0 helmet
rElec  .         rRot     .     (no cloak)
SustAb . .       Spirit   .     l - +0 pair of gloves
rMut   .         Warding  .     (no boots)
Saprov . . .     RndTele  +     (no amulet)
                                n - ring of positive energy {unknown}
                                e - cursed ring of teleportation

@: slightly resistant to hostile enchantments, extremely unstealthy
A: no striking features
a: Renounce Religion, Evoke Teleportation


You were on level 3 of the Dungeon.
You worshipped Nemelex Xobeh.
Nemelex Xobeh was noncommittal.
You were starving.

You visited 1 branch of the dungeon, and saw 3 of its levels.

You collected 133 gold pieces.

Inventory:

Hand weapons
 a - a +0,+0 falchion (weapon)
Armour
 b - a +0 scale mail (worn)
 c - a +0 shield (worn)
 l - a +0 pair of gloves (worn)
 m - a +0 helmet (worn)
Magical devices
 r - a wand of random effects (9) {unknown}
Comestibles
 h - 3 meat rations
 q - a choko
Scrolls
 g - a scroll of teleportation {unknown}
 i - a scroll of curse jewellery
 j - a scroll of random uselessness
 p - a scroll of identify
 s - a scroll of remove curse {unknown}
Jewellery
 e - a cursed ring of teleportation (left hand)
 n - a ring of positive energy (right hand) {unknown}
Potions
 f - a potion of brilliance
 k - a potion of restore abilities
 t - a potion of confusion {unknown}
 u - a potion of mutation {unknown}


   Skills:
 + Level 3.3 Fighting
 + Level 2.7 Long Blades
 + Level 4.2 Armour
 + Level 2.2 Dodging
 + Level 0.2 Stealth
 + Level 4.0 Shields


You had 5 spell levels left.
You didn't know any spells.

Dungeon Overview and Level Annotations

Branches:
Dungeon (3/16)

Altars:
Nemelex Xobeh

Annotations:
D:3 zkyp's ghost, average DsAK


Message History

You hit zkyp's ghost.
Zkyp's ghost is lightly damaged.
The orc priest barely misses you.
Zkyp's ghost hits you but does no damage.
You hit zkyp's ghost but do no damage.
Zkyp's ghost is lightly damaged.
You block zkyp's ghost's attack. The orc priest barely misses you.
You hit zkyp's ghost but do no damage.
Zkyp's ghost is lightly damaged.
Zkyp's ghost barely misses you.
The orc priest calls down the wrath of Beogh upon you.
Something smites you!
* * * LOW HITPOINT WARNING * * *
You hit zkyp's ghost but do no damage.
Zkyp's ghost is lightly damaged.
You block zkyp's ghost's attack.
The orc priest calls down the wrath of Beogh upon you.
Pain shoots through your body!
You die...
Your body disappears without a glow.

#.##### #####.## .# ##...# ## #+#
#..### ###### #.# #####'#####
.....##### #.# ###.........#
.....'...######.#####.'.........#
.....###.##.......##..#.........#
.....# #.............##.........#
.....# ####.....@.#####.........#
.....# #....op.# #.........#
.....# #.......# #.........#
[....# #....<..# #.........#
.....# #.......# #.........#
###### ######### #.........#
......# ###


You could see an orc priest and zkyp's ghost.

Vanquished Creatures
  Jessica (D:3)
  8 adders
  A gnoll (D:1)
  A giant mite (D:2)
  A giant gecko (D:2)
  2 oozes
  5 orcs
  A ball python (D:3)
  5 goblins
  15 hobgoblins
  6 jackals
  13 kobolds
  A quokka (D:3)
  13 bats
  6 giant cockroaches
  3 giant newts
  10 rats
92 creatures vanquished.

Vanquished Creatures (others)
  A goblin (D:1)
1 creature vanquished.

Grand Total: 93 creatures vanquished

Notes
Turn   | Place    | Note
--------------------------------------------------------------
     0 | D:1      | Nicoed, the Human Fighter, began the quest for the Orb.
     0 | D:1      | Reached XP level 1. HP: 18/18 MP: 1/1
    95 | D:1      | Reached XP level 2. HP: 18/24 MP: 2/2
   445 | D:1      | Reached XP level 3. HP: 19/29 MP: 3/3
   904 | D:1      | Reached skill level 1 in Dodging
   965 | D:1      | Reached XP level 4. HP: 20/35 MP: 4/4
  2218 | D:2      | Found a sparkling altar of Nemelex Xobeh.
  2244 | D:2      | Became a worshipper of Nemelex Xobeh
  2339 | D:2      | Reached XP level 5. HP: 35/41 MP: 5/5
  2577 | D:2      | Reached skill level 4 in Armour
  2961 | D:3      | Noticed Jessica
  2962 | D:3      | Found a sparkling altar of Nemelex Xobeh.
  2973 | D:3      | Killed Jessica
  3238 | D:3      | Reached XP level 6. HP: 45/47 MP: 6/6
  3256 | D:3      | Noticed zkyp's ghost (average DsAK)
  3317 | D:3      | HP: 1/47 [zkyp's ghost (7)]
  3367 | D:3      | HP: 1/47 [zkyp's ghost (8)]
  4198 | D:3      | Killed from afar by an orc priest

Action                   |  1- 3 |  4- 6 || total
-------------------------+-------+-------++-------
Melee: Falchion          |   144 |   304 ||   448
  Use: Scroll            |     3 |       ||     3
       Potion            |       |     4 ||     4
